 Dungeon Crawl Stone Soup version 0.24.0-28-g17ded55e90 (webtiles) character file.

Game seed: 9440363911225370846, levelgen mode: deterministic

980 DildoBatman the Conjurer (level 8, 0/52 HPs)
             Began as a Formicid Wizard on Nov 11, 2019.
             Was an Initiate of Kikubaaqudgha.
             Slain by Grinder (4 damage)
             ... on level 6 of the Dungeon.
             The game lasted 00:22:54 (5336 turns).

DildoBatman the Conjurer (Formicid Wizard)          Turns: 5336, Time: 00:22:54

Health: 0/52       AC:  2    Str: 11    XL:     8   Next: 40%
Magic:  7/12       EV: 12    Int: 25    God:    Kikubaaqudgha [......]
Gold:   138        SH:  0    Dex: 12    Spells: 6/13 levels left

rFire    . . .     SeeInvis +   b - staff of conjuration
rCold    . . .     Gourm    .   (no shield)
rNeg     . . .     Faith    .   q - +0 robe
rPois    .         Spirit   .   (helmet unavailable)
rElec    .         Reflect  .   (no cloak)
rCorr    .         Harm     .   (no gloves)
MR       .....                  (no boots)
Stlth    +.........             n - amulet of the acrobat
HPRegen  0.17/turn              r - +3 ring of dexterity
MPRegen  0.13/turn              C - +4 ring of intelligence

@: confused
A: permanent stasis, dig shafts and tunnels, four strong arms, antennae 3
a: Dig, Shaft Self, Renounce Religion


You were on level 6 of the Dungeon.
You worshipped Kikubaaqudgha.
Kikubaaqudgha was noncommittal.
You were hungry.

You visited 2 branches of the dungeon, and saw 6 of its levels.
You also visited: Sewer.

You collected 138 gold pieces.

Inventory:

Hand Weapons
 a - a +0 mace
 e - a +0 spear
 u - a +0 dagger
 y - a +0 glaive
 F - a +0 shortbow
Missiles
 c - 21 sling bullets
 d - 124 stones
 k - 25 bolts
 m - 37 poisoned darts (quivered)
 s - 63 arrows
 A - 2 boomerangs
Armour
 q - a +0 robe (worn)
 w - a +0 buckler
Magical Staves
 b - an uncursed staff of conjuration (weapon)
Jewellery
 f - a +2 ring of evasion {unknown}
 n - an amulet of the acrobat (around neck)
 r - a +3 ring of dexterity (left hand)
 C - a +4 ring of intelligence (right hand)
Wands
 g - a wand of enslavement (6)
Scrolls
 i - a scroll of amnesia
 l - 4 scrolls of teleportation {unknown}
 o - a scroll of fear
 x - 2 scrolls of remove curse
Potions
 h - a potion of might {unknown}
 j - a potion of agility {unknown}
 p - 2 potions of lignification {unknown}
 t - 4 potions of curing
 B - a potion of mutation {unknown}
 D - a potion of haste {unknown}
 E - a potion of brilliance {unknown}
Comestibles
 v - 4 rations


   Skills:
 - Level 1.7 Dodging
 - Level 2.4 Stealth
 * Level 0.0 Shields
 - Level 3.2 Spellcasting
 - Level 6.1 Conjurations
   Level 1.0 Summonings
   Level 0.8 Translocations
 * Level 4.1 Fire Magic
 * Level 3.4 Air Magic


You had 6 spell levels left.
You knew the following spells:

 Your Spells              Type           Power        Failure   Level  Hunger
a - Conjure Flame         Conj/Fire      #####...     3%          3    ###....
c - Magic Dart            Conj           ####         1%          1    None
e - Mephitic Cloud        Conj/Pois/Air  ####....     8%          3    ###....

Your spell library contained the following spells:

 Spells                   Type           Power        Failure   Level  Hunger
 Call Imp                 Summ           #.......     10%         2    #......
 Slow                     Hex            #.......     16%         2    #......
 Blink                    Tloc           Unusable     N/A         2    N/A

Dungeon Overview and Level Annotations

Branches:
Dungeon (7/15)             Temple (1/1) D:6           Sewer (visited)

Altars:
Ashenzari
Dithmenos
Elyvilon
Fedhas
Gozag
Hepliaklqana
Kikubaaqudgha
Makhleb
Nemelex Xobeh
Qazlal
Ru
Sif Muna
Trog
Uskayaw
Wu Jian
Yredelemnul
Zin
The Shining One

Shops:
D:7 =

Annotations:
D:6 Grinder
D:7 exclusions: ogre, 5 sensed monsters (detected) and wight


Innate Abilities, Weirdness & Mutations

You cannot be hasted, slowed, berserked, paralysed or teleported.
You can dig through walls and to a lower floor.
Your four strong arms can wield two-handed weapons with a shield.
You have a pair of large antennae on your head. (SInv)


Message History

The magic dart hits Grinder.
Grinder is moderately wounded.
Grinder hits you.
You writhe in agony.
Casting: Magic Dart (safe; 1% risk of failure)
Confirm with . or Enter, or press ? or * to list all spells.
Aiming: Magic Dart (safe; 1% risk of failure)
Press: ? - help, Shift-Dir - straight line, f/p - Grinder
Aim: Grinder (moderately wounded)
You feel a surge of power!
The magic dart hits Grinder!
Grinder is heavily wounded.
Grinder hits you!
You writhe in agony.
You are confused.
You feel invigorated. Grinder hits you!
You writhe in agony.
You die...
Kikubaaqudgha rasps: "You have failed me!
Welcome... death!"

#.##≈≈≈≈≈##.## ##.
#.##≈≈≈≈≈##..# #.
#.[..........## ##
###...........# #
#...........#
#...........##
##............#
###..........####
#.#@5...######
##.##..## # ####..#
#### ##
#..######..## #. ###
##..##.......## ##
#.##
#..#..........####
#..###
##..............##[
###..##
##..#..........<..##
##..##
#...#......)......##


You could see Grinder.

Vanquished Creatures
  An ice beast (D:7)
  An orc warrior (D:7)
  2 ogres
  A centaur (D:6)
  A big kobold (D:7)
  A scorpion (D:7)
  A bullfrog zombie (D:7)
  A quasit (D:6)
  3 orc wizards
  A jelly (D:7)
  2 iguanas
  2 worker ants
  7 adders
  A worm (D:6)
  A leopard gecko (D:7)
  11 orcs
  5 bats
  2 giant cockroaches (D:1)
  3 goblins
  3 hobgoblins
  9 jackals
  15 kobolds
  5 ball pythons
  5 frilled lizards
  3 rats
  A plant (Sewer)
88 creatures vanquished.

Notes
Turn   | Place    | Note
-------+----------+-------------------------------------------
     0 | D:1      | DildoBatman the Formicid Wizard began the quest for the
                  | Orb.
     0 | D:1      | Reached XP level 1. HP: 13/13 MP: 4/4
    28 | D:1      | Reached skill level 1 in Conjurations
   248 | D:1      | Reached XP level 2. HP: 19/19 MP: 3/6
   454 | D:1      | Reached skill level 2 in Conjurations
  1065 | D:2      | Reached XP level 3. HP: 24/24 MP: 0/7
  1070 | D:2      | Learned a level 3 spell: Conjure Flame
  1074 | D:2      | Learned a level 3 spell: Mephitic Cloud
  1332 | D:2      | Reached skill level 3 in Conjurations
  1447 | D:2      | You fall into a shaft and drop 2 floors!
  1449 | D:4      | Noticed a phantom
  1452 | D:4      | Noticed an ogre
  1467 | D:4      | Noticed a scorpion
  1486 | D:4      | You are sucked into a shaft and drop 3 floors!
  1672 | D:7      | Noticed an ogre
  1672 | D:7      | Noticed a wight
  1746 | D:7      | Reached XP level 4. HP: 30/30 MP: 2/8
  1852 | D:7      | Reached skill level 4 in Conjurations
  1852 | D:7      | Reached XP level 5. HP: 35/35 MP: 3/9
  1914 | D:7      | Noticed an ogre
  1973 | D:7      | Killed an ogre
  1973 | D:7      | Reached XP level 6. HP: 41/41 MP: 1/10
  2060 | D:7      | Reached skill level 5 in Conjurations
  2314 | D:7      | Found Zoafirai's Jewellery Boutique.
  2403 | D:7      | Noticed an orc warrior
  2440 | D:7      | Killed an orc warrior
  2440 | D:7      | Reached skill level 6 in Conjurations
  2440 | D:7      | Reached XP level 7. HP: 30/46 MP: 5/11
  2613 | D:7      | Reached skill level 1 in Fire Magic
  2781 | D:7      | Reached skill level 1 in Air Magic
  3190 | D:6      | Found a glowing drain.
  3287 | D:6      | Reached XP level 8. HP: 51/52 MP: 0/12
  3374 | Sewer    | Entered a sewer
  4171 | D:6      | Noticed Grinder
  4357 | D:6      | Found a staircase to the Ecumenical Temple.
  4363 | Temple   | Entered the Ecumenical Temple
  4579 | Temple   | Became a worshipper of Kikubaaqudgha
  5336 | D:6      | Slain by Grinder

Levels and vault maps discovered:
D:1:      mrwooster_arrival_statue, layout_basic, chequers_arboretum
D:2:      layout_loops_ring, lemuel_doored_altar, serial_bayou_pond_a
D:4:      layout_loops_ring, first_ration, ebering_ghost_reflecting_pool,
          chequers_serial_rivers_small_b, uniq_pikel
D:6:      layout_cave_pods, temple_green, cheibrodos_sewer_entry_sluice,
          minmay_microvault, uniq_grinder
D:7:      layout_basic, serial_shops, nicolae_shop_behind_doors
Temple:   eino_narrow_crystal_temple

Skill      XL: |  1  2  3  4  5  6  7  8 |
---------------+-------------------------+-----
Conjurations   | 1 2 3 4 6 |  6.1
Fire Magic     | 3 4 |  4.1
Air Magic      | 2 3 |  3.4
Dodging        | |  1.7
Stealth        | |  2.4
Spellcasting   | |  3.2
Summonings     | |  1.0
Translocations | |  0.8

Action                   |  1- 3 |  4- 6 |  7- 9 || total
-------------------------+-------+-------+-------++-------
Melee: Unarmed           |     4 |       |       ||     4
       Dagger            |     4 |    11 |       ||    15
       Mace              |       |     6 |    83 ||    89
       Spear             |       |       |    51 ||    51
Throw: Dart              |       |    41 |    24 ||    65
 Cast: Magic Dart        |    68 |     9 |   121 ||   198
       Conjure Flame     |       |     7 |     9 ||    16
       Mephitic Cloud    |       |     3 |     6 ||     9
 Abil: Dig               |     1 |     1 |    14 ||    16
       Shaft Self        |     1 |       |       ||     1
  Use: Potion            |     3 |       |     2 ||     5
       Scroll            |     2 |     1 |     4 ||     7
 Stab: Confused          |       |     2 |     1 ||     3
  Eat: Chunk             |     2 |     3 |    10 ||    15
       Ration            |       |       |     1 ||     1
Armor: Robe              |     9 |       |     5 ||    14
Dodge: Dodged            |    28 |     8 |    43 ||    79
